AoeStats
← christoph_dixi

Arena

509417667Analyzed
1v1 RM · 5d ago on Sep 26, 2026· 28m 19s· 2 players
Game mode
Random Map
Map size
Tiny (2 player)
Population
200
Speed
Normal
Resources
Standard
Victory
Conquest
Starting age
Dark Age
Ending age
Imperial Age
RankedLock teamsTeams togetherTeam positionsShared explorationLock speedFull tech treeHidden civsTurbo modeCheats
Victory
Defeat
🇩🇪 Britons · Germany
894
+16
🇳🇱 Bengalis · Netherlands
904
-16
christoph_dixi
5:29 Loom
9:21 Feudal Age
10:28 Double-Bit Axe
14:38 Fletching
21:17 Castle Age
19:02 Horse Collar
19:47 Gold Mining
20:57 Scale Barding Armor
26:07 Chain Barding Armor
27:23 Bow Saw
27:26 Crossbowman
vincentophoff
7:00 Loom
9:39 Feudal Age
18:28 Fletching
22:31 Castle Age
21:41 Double-Bit Axe
21:40 Horse Collar
23:49 Pikeman
26:36 Forging
26:49 Bodkin Arrow
28:22 Padded Archer Armor
Connection lost

Rejoining the realm…

Still unreachable

The connection could not be restored.

Session expired

The server has moved on; the page needs a fresh start.